 Dungeon Crawl Stone Soup version 0.28-a0-1429-gf3d713df7a (webtiles) character file.

Game seed: 14425569811542355471

27 Deminshera the Sneak (level 3, 0/19 HPs)
             Began as a Vine Stalker Brigand on Jan 8, 2022.
             Succumbed to a kobold's poison
             ... on level 1 of the Dungeon.
             The game lasted 00:01:25 (623 turns).

Deminshera the Sneak (Vine Stalker Brigand)          Turns: 623, Time: 00:01:26

Health: 0/19       AC:  3    Str: 13    XL:     3   Next: 10%
Magic:  3/4        EV: 26    Int: 11    God:
Gold:   15         SH:  0    Dex: 17    Spells: 2/2 levels left

rFire   . . .      SeeInvis .   a - +2 dagger
rCold   . . .      Faith    .   (no shield)
rNeg    . . .      Spirit   +   b - +0 robe
rPois   .          Reflect  .   (no helmet)
rElec   .          Harm     .   c - +0 cloak
rCorr   .          Rampage  .   (no gloves)
Will    .....                   (no boots)
Stlth   +++.......              f - amulet of the acrobat
HPRegen 0.06/turn               (no ring)
MPRegen 0.09/turn               (no ring)

@: lethally poisoned (0 -> -12), acrobatic
A: fangs 2, magic shield, antimagic bite, no potion heal 2
a: no special abilities


You were on level 1 of the Dungeon.
You visited 1 branch of the dungeon, and saw 1 of its levels.

You collected 15 gold pieces.

Inventory:

Hand Weapons
 a - a +2 dagger (weapon)
Missiles
 d - 8 poisoned darts
 e - a curare-tipped dart (quivered)
Armour
 b - a +0 robe (worn)
 c - a +0 cloak (worn)
Jewellery
 f - an amulet of the acrobat (around neck)
Scrolls
 g - a scroll of identify {unknown}


   Skills:
 * Level 2.5 Fighting
 + Level 2.1 Short Blades
 - Level 2.0 Throwing
 - Level 0.7 Dodging
 + Level 5.1 Stealth


You had 2 spell levels left.
You didn't know any spells.
Your spell library was empty.

Dungeon Overview and Level Annotations

Branches:
Dungeon (1/15)

Altars:


Innate Abilities, Weirdness & Mutations

You have extremely sharp teeth.
When hurt, damage is shared between your health and your magic reserves.
Your bite disrupts and absorbs the magic of your enemies.
Potions cannot restore your health.


Message History

The slug dart misses you.
There are monsters nearby!
There are monsters nearby!
The dart slug launches a dart at you. The slug dart misses you.
The kobold shouts!
The kobold throws a stone.
The stone closely misses you. The dart slug launches a dart at you.
The slug dart misses you.
The kobold throws a stone.
The stone completely misses you. The dart slug bites you.
You hit the dart slug. You bite the dart slug. You drain its power.
The dart slug is severely wounded.
The kobold throws a stone.
The stone hits you.
You hit the dart slug.
You kill the dart slug!
The kobold misses you.
You hit the kobold but do no damage. Your bite misses the kobold.
The kobold hits you with a +1 dagger of venom.
You are poisoned.
You closely miss the kobold. Your bite misses the kobold.
You feel sick. The kobold hits you but does no damage.
You are lethally poisoned!
You barely miss the kobold. You bite the kobold, but do no damage.
You feel very sick.
The kobold hits you with a +1 dagger of venom.
* * * LOW HITPOINT WARNING * * *
You are too injured to fight recklessly!
You aren't carrying any potions.
Throw: 2 darts (curare)
Press: ? - help, Q - select action, (/) - cycle Shift-Dir - straight line, f - kobold
Aim: a kobold, wielding a +1 dagger of venom and quivering stones (55% to hit)
You throw a curare-tipped dart. The curare-tipped dart hits the kobold.
The kobold is poisoned.
The kobold convulses.
You kill the kobold!
* * * LOW HITPOINT WARNING * * *
You feel sick.
Okay, then.
You die...

..########........
..................#
..........).......#
....######........#
.....#####........#
.........#........
..........####.#########.
..........#..............
................@.(..#
###########...$......#
#..........# ############


There were no monsters in sight!

Vanquished Creatures
  2 dart slugs (D:1)
  An endoplasm (D:1)
  2 giant cockroaches (D:1)
  3 goblins (D:1)
  A hobgoblin (D:1)
  2 jackals (D:1)
  2 quokkas (D:1)
  A frilled lizard (D:1)
  5 kobolds (D:1)
  2 rats (D:1)
21 creatures vanquished.

Vanquished Creatures (others)
  A withered plant (D:1)
1 creature vanquished.

Grand Total: 22 creatures vanquished

Notes
Turn   | Place    | Note
-------+----------+-------------------------------------------
     0 | D:1      | Deminshera the Vine Stalker Brigand began the quest for the
                  | Orb.
     0 | D:1      | Reached XP level 1. HP: 11/11 MP: 2/2
   100 | D:1      | Reached XP level 2. HP: 13/15 MP: 3/3
   102 | D:1      | Reached skill level 5 in Stealth
   130 | D:1      | Found a faded altar of an unknown god.
   593 | D:1      | Reached XP level 3. HP: 17/19 MP: 2/4
   623 | D:1      | Succumbed to a kobold's poison

Illustrated notes

Levels and vault maps discovered:
D:1:      enne_arrival_octagon_isle, layout_rooms,
          ebering_ecumenical_altar_petrified, minivault_14, wad_floor_pattern_1,
          minmay_tromino_v4_c

Skill      XL: |  1  2 |
---------------+-------+-----
Fighting       | 2 |  2.5
Stealth        | 5 |  5.1
Short Blades   | 2 |  2.1
Throwing       | 2 |  2.0
Dodging        | |  0.7

Action                   || total
-------------------------++-------
Melee: Dagger            ||    41
       Bite              ||    12
       Punch             ||     1
Throw: Dart              ||    13
 Stab: Sleeping          ||     1
Armor: Robe              ||    16
Dodge: Dodged            ||    29

Table legend: (Time is in decaauts)
 A = Elapsed time spent in this place.
 B = Non-inter-level travel time spent in this place.
 C = Inter-level travel time spent in this place.
 D = Time resting spent in this place.
 E = Time spent auto-exploring this place.
 F = Levels seen in this place.
 G = Mean time per level.
                   A        B        C        D        E       F      G
               +--------+--------+--------+--------+--------+-----+--------+
         Total |    618 |    618 |      0 |    259 |    191 |   1 |  618.0 |
       Dungeon |    618 |    618 |      0 |    259 |    191 |   1 |  618.0 |
               +--------+--------+--------+--------+--------+-----+--------+

Top non-repeatable levels by time:
     D:1: 618 daAuts
